Map: Abyssal Reef LE

Players

Reynor

  • Race: Zerg Zerg
  • Spawn Location: 5:00

DKZherO (herO) - Winner!

  • Race: Protoss Protoss
  • Spawn Location: 11:00

VOD

Have the link to the VOD?

Description

Time

  • Played on: Jan. 24, 2025, 6:59 a.m.
  • Length: 12:37
Show
View Real Time Build Order
Export as new Build Order

Reynor Zerg 

Build Orders: Hatch First 

Get SALT Encoding   

  12  0:00  Drone  
  13  0:08  Drone  
  14  0:16  Overlord  
  14  0:23  Extractor  
  14  0:24  Drone  
  15  0:36  Drone  
  16  0:48  Hatchery  
  15  0:51  Drone  
  15  0:54  Drone  
  17  0:57  Drone  
  18  1:08  Extractor  
  17  1:15  Spawning Pool  
  16  1:18  Drone  
  16  1:22  Drone  
  18  1:27  Drone  
  19  1:37  Drone  
  20  1:49  Drone  
  21  1:59  Overlord  
  21  2:01  Queen, Drone  
  21  2:06  Queen  
  26  2:11  Drone  
  26  2:14  Drone  
  28  2:19  Metabolic Boost  
  28  2:22  Drone  
  29  2:25  Zergling x2  
  30  2:31  Zergling x2  
  30  2:32  Drone  
  32  2:42  Drone  
  33  2:47  Overlord  
  33  2:51  Hatchery  
  33  2:52  Drone  
  33  2:53  Drone  
  34  3:01  Queen  
  34  3:05  Overlord  
  36  3:07  Drone  
  36  3:11  Drone x2  
  39  3:13  Drone  
  39  3:15  Drone  
  39  3:17  Drone  
  42  3:24  Queen  
  42  3:25  Drone  
  45  3:28  Drone  
  45  3:33  Spore Crawler  
  45  3:36  Zergling x2  
  45  3:39  Overlord  
  48  3:41  Drone x2  
  48  3:43  Zergling x2  
  48  3:47  Overlord  
  49  3:57  Overlord  
  49  3:58  Drone  
  49  4:02  Drone  
  51  4:03  Spore Crawler  
  51  4:04  Drone  
  51  4:09  Drone x3  
  54  4:10  Drone  
  54  4:12  Drone x2  
  54  4:13  Drone  
  54  4:15  Overlord  
  58  4:18  Zergling x2  
  58  4:21  Drone  
  60  4:25  Zergling x4  
  60  4:27  Spore Crawler  
  61  4:31  Drone  
  61  4:37  Lair  
  63  4:39  Drone, Overlord  
  63  4:40  Drone x3  
  66  4:46  Hatchery  
  66  4:47  Drone x3  
  66  4:48  Drone x2  
  68  4:54  Evolution Chamber, Overlord  
  68  4:55  Drone x3  
  69  5:00  Spore Crawler, Roach Warren  
  69  5:03  Drone x2  
  69  5:05  Drone  
  69  5:06  Extractor  
  69  5:08  Drone  
  69  5:09  Drone x2  
  69  5:10  Zergling x2  
  69  5:13  Zergling x2  
  69  5:14  Queen  
  74  5:17  Zergling x2  
  77  5:22  Zerg Missile Weapons Level 1  
  77  5:23  Drone x2  
  77  5:25  Overlord  
  79  5:33  Drone x3  
  79  5:34  Zergling x8  
  86  5:35  Overlord  
  86  5:36  Drone  
  86  5:37  Drone  
  86  5:40  Drone  
  86  5:42  Extractor  
  86  5:44  Drone  
  86  5:45  Extractor  
  86  5:46  Extractor  
  86  5:47  Overlord  
  84  5:50  Drone  
  84  5:55  Drone  
  84  5:57  Hydralisk Den  
  85  5:58  Drone x2  
  85  6:01  Drone  
  85  6:02  Extractor  
  85  6:03  Extractor  
  85  6:04  Overlord  
  86  6:06  Drone x5  
  86  6:09  Drone x2  
  92  6:12  Drone x2  
  92  6:15  Queen  
  92  6:18  Overlord  
  96  6:20  Drone  
  96  6:21  Drone x3  
  96  6:25  Zergling x2  
  101  6:27  Muscular Augments  
  101  6:29  Hydralisk x2  
  101  6:32  Zergling x8  
  109  6:33  Zergling x4  
  109  6:34  Overlord, Extractor  
  108  6:40  Spore Crawler  
  108  6:41  Hydralisk x3  
  108  6:42  Hydralisk  
  108  6:44  Spore Crawler  
  111  6:47  Hydralisk x2  
  111  6:50  Drone x3  
  111  6:51  Overlord  
  119  6:56  Hydralisk  
  119  7:00  Drone  
  119  7:01  Drone  
  123  7:02  Overlord  
  123  7:04  Hydralisk x2  
  123  7:05  Zergling x8  
  130  7:09  Overlord  
  130  7:11  Hydralisk  
  132  7:16  Hydralisk x4  
  132  7:17  Zergling x4  
  132  7:19  Overlord  
  141  7:24  Hydralisk x3  
  141  7:28  Hydralisk x2  
  149  7:34  Hydralisk x3  
  149  7:35  Hydralisk  
  149  7:36  Zergling x2  
  155  7:39  Zergling x4  
  157  7:44  Overlord  
  157  7:48  Zergling x12  
  163  7:51  Hydralisk x2  
  163  7:52  Zergling x2  
  163  7:55  Zerg Missile Weapons Level 2  
  168  7:58  Infestation Pit  
  167  8:08  Drone x7  
  167  8:10  Overlord  
  167  8:11  Extractor  
  173  8:14  Grooved Spines  
  173  8:21  Hydralisk x3  
  173  8:22  Overlord  
  173  8:25  Hatchery  
  173  8:39  Zergling x24  
  177  8:44  Overlord  
  177  8:46  Hive  
  170  8:48  Lurker Den  
  170  8:54  Evolution Chamber  
  160  9:01  Drone x4  
  146  9:10  Evolution Chamber, Zergling x2  
  146  9:11  Zergling x22  
  146  9:16  Zergling x12  
  163  9:17  Pneumatized Carapace  
  163  9:22  Zerg Ground Armor Level 1  
  163  9:25  Zergling x10  
  163  9:28  Hydralisk  
  163  9:29  Zergling x2  
  171  9:35  Overseer  
  171  9:37  Overseer  
  171  9:38  Overlord  
  170  9:53  Zergling x36  
  170  9:59  Zerg Melee Weapons Level 1, Adrenal Glands, Ultralisk Cavern  
  168  10:46  Chitinous Plating  
  168  10:49  Ultralisk x3  
  197  10:50  Ultralisk x2  
  190  11:07  Hatchery  
  190  11:10  Ultralisk x3  
  194  11:17  Hatchery  
  179  11:22  Ultralisk x3  
  179  11:24  Zergling x26  
  192  11:29  Overseer  
  192  11:30  Overseer x3  
  180  11:35  Hydralisk x2  
  180  11:36  Zergling x6  
  176  11:42  Hydralisk x2  
  176  11:43  Hydralisk  
  141  11:48  Hydralisk  
  141  11:53  Overseer, Hydralisk  
  141  11:54  Zergling x2  
  131  12:02  Hydralisk x2  
  135  12:10  Hydralisk x2  
Show
View Real Time Build Order
Export as new Build Order

DKZherO Protoss - Winner!

Build Orders: 1 Gate Expand, Oracle Opening 

Get SALT Encoding   

  12  0:01  Probe  
  13  0:13  Probe  
  14  0:20  Pylon  
  14  0:25  Probe  
  15  0:34  Probe  
  15  0:42  Probe, Gateway  
  17  0:51  Assimilator  
  17  0:53  Probe  
  18  1:05  Probe  
  19  1:17  Probe  
  20  1:28  Nexus  
  20  1:40  Cybernetics Core  
  20  1:43  Probe  
  21  1:48  Assimilator  
  21  1:55  Probe  
  21  1:58  Pylon  
  22  2:07  Probe  
  23  2:15  Probe  
  23  2:17  Adept  
  23  2:20  Stargate  
  26  2:23  Probe  
  26  2:28  Warp Gate  
  27  2:34  Probe  
  27  2:36  Probe  
  29  2:44  Probe  
  29  2:46  Probe  
  29  2:47  Adept  
  33  2:54  Probe  
  33  2:58  Void Ray, Probe  
  39  3:09  Probe  
  39  3:11  Probe  
  41  3:17  Pylon  
  41  3:22  Probe  
  41  3:23  Probe  
  41  3:26  Oracle  
  43  3:37  Probe x2  
  48  3:46  Nexus  
  48  3:50  Pylon  
  48  3:53  Probe  
  48  3:54  Probe  
  50  3:55  Oracle  
  50  4:04  Assimilator  
  50  4:06  Assimilator  
  50  4:08  Probe  
  54  4:10  Probe  
  55  4:17  Twilight Council  
  55  4:19  Forge  
  56  4:24  Probe x2  
  57  4:36  Probe x2  
  59  4:40  Adept, Gateway  
  59  4:41  Gateway  
  59  4:47  Protoss Ground Weapons Level 1  
  59  4:48  Blink  
  59  4:52  Probe x2  
  61  4:59  Probe  
  62  5:01  Adept  
  62  5:05  Gateway  
  64  5:08  Probe x2  
  64  5:11  Probe  
  67  5:20  Shield Battery, Probe x2  
  69  5:23  Probe  
  69  5:26  Pylon  
  70  5:30  Stalker  
  70  5:33  Probe x2  
  74  5:36  Probe  
  74  5:40  Gateway  
  75  5:45  Stalker x2, Gateway  
  75  5:47  Probe x2  
  75  5:48  Probe  
  82  5:52  Assimilator  
  82  5:54  Pylon  
  82  5:56  Stalker, Assimilator  
  84  5:59  Pylon  
  84  6:01  Probe  
  85  6:11  Pylon  
  85  6:12  Probe x2  
  85  6:14  Pylon  
  85  6:15  Probe  
  88  6:19  Stalker x3  
  88  6:24  Templar Archives, Probe x2  
  96  6:27  Stalker  
  98  6:33  Protoss Ground Weapons Level 2  
  98  6:34  Probe  
  98  6:36  Probe x2  
  98  6:37  Pylon  
  101  6:49  Stalker x5  
  101  6:50  Stalker  
  113  7:07  Psionic Storm  
  113  7:10  Nexus  
  113  7:12  Pylon  
  113  7:15  Fleet Beacon  
  113  7:17  Stargate  
  113  7:21  Photon Cannon  
  109  7:23  Shield Battery  
  109  7:33  High Templar, Probe x3  
  109  7:34  High Templar x2  
  118  7:41  Photon Cannon  
  118  7:42  Photon Cannon  
  118  7:45  Probe x3  
  118  7:47  Assimilator  
  118  7:48  Photon Cannon  
  118  7:49  Photon Cannon  
  118  7:50  Assimilator  
  121  7:53  High Templar  
  121  7:57  Tempest  
  121  7:58  Photon Cannon  
  123  8:01  Shield Battery  
  123  8:02  Photon Cannon, Tempest, Pylon  
  128  8:17  Photon Cannon  
  128  8:18  Photon Cannon  
  128  8:20  Shield Battery  
  128  8:28  Zealot x4  
  136  8:35  Zealot  
  136  8:36  Zealot  
  136  8:38  Tempest  
  136  8:39  Mothership  
  133  8:51  Probe x3  
  139  8:57  Charge  
  135  9:03  Probe x3  
  135  9:04  Assimilator  
  135  9:05  Tempest  
  138  9:15  Probe x2  
  138  9:16  Probe  
  145  9:19  Photon Cannon  
  145  9:24  Photon Cannon  
  145  9:25  Protoss Shields Level 1  
  145  9:27  Probe  
  145  9:28  Probe x2  
  145  9:30  Tempest  
  152  9:40  Probe x3  
  152  9:42  Pylon  
  152  9:44  Pylon  
  155  9:45  Pylon  
  155  9:52  Probe  
  156  9:57  Oracle  
  157  10:07  High Templar x3  
  157  10:10  Protoss Air Weapons Level 1  
  157  10:14  Photon Cannon  
  163  10:15  Tempest, Gateway  
  163  10:16  Pylon  
  163  10:18  Gateway  
  163  10:22  Tempest, Pylon  
  163  10:23  Pylon  
  163  10:24  Pylon  
  171  10:35  High Templar x2  
  171  10:39  Zealot x3  
  181  10:49  Tempest, Pylon  
  179  10:50  Pylon  
  175  11:00  Tempest  
  175  11:01  Zealot x3  
  185  11:09  Zealot x2  
  188  11:28  Tempest  
  188  11:30  Stalker x5  
  190  11:33  Tempest  
  164  11:48  Stalker x2  
  164  11:50  Gateway  
  164  11:52  Robotics Facility  
  154  11:54  Stalker  
  154  11:55  Stalker x4, Robotics Facility  
  162  12:20  Stalker x7  
  166  12:32  Photon Cannon  
  166  12:34  Pylon  
Tags
 
Add a new tag
Caveats
  • Supply blocks, unpowered buildings, or Contaminate may cause inaccurate times.
  • Supply counts are checked every 10 seconds.